 Dungeon Crawl Stone Soup version 0.28-a0-1638-g9123634e07 (webtiles) character file.

Game seed: 1989215929268964105

49 lonewolfV2 the Skirmisher (level 3, -3/29 HPs)
             Began as a Mummy Fighter on Jan 25, 2022.
             Slain by an orc (4 damage)
             ... on level 2 of the Dungeon.
             The game lasted 00:00:43 (427 turns).

lonewolfV2 the Skirmisher (Mummy Fighter)            Turns: 427, Time: 00:00:44

Health: -3/29      AC:  6    Str: 21    XL:     3   Next: 51%
Magic:  3/3        EV:  9    Int:  7    God:
Gold:   15         SH:  4    Dex: 11    Spells: 2/2 levels left

rFire   x . .      SeeInvis .   a - +0 war axe
rCold   + . .      Faith    .   c - +0 buckler
rNeg    + + +      Spirit   .   b - +0 scale mail
rPois   ∞          Reflect  .   (no helmet)
rElec   .          Harm     .   (no cloak)
rCorr   .          Rampage  .   (no gloves)
Will    .....                   (no boots)
Stlth   ..........              (no amulet)
HPRegen 0.09/turn               (no ring)
MPRegen 0.08/turn               (no ring)

@: no status effects
A: cold resistance 1, negative energy resistance 3, torment resistance 2, heat
vulnerability 1, no potions
a: no special abilities


You were on level 2 of the Dungeon.
You visited 1 branch of the dungeon, and saw 2 of its levels.

You collected 15 gold pieces.

Inventory:

Hand Weapons
 a - a +0 war axe (weapon)
Armour
 b - a +0 scale mail (worn)
 c - a +0 buckler (worn)
Scrolls
 d - a scroll of identify {unknown}


   Skills:
 + Level 3.3 Fighting
 + Level 2.0 Axes
 + Level 2.9 Armour
 + Level 0.2 Dodging
 + Level 2.7 Shields


You had 2 spell levels left.
You didn't know any spells.
Your spell library was empty.

Dungeon Overview and Level Annotations

Branches:
Dungeon (2/15)

Altars:


Innate Abilities, Weirdness & Mutations

You are immune to poison.
Your flesh is cold resistant. (rC+)
You are immune to negative energy. (rN+++)
You are immune to unholy pain and torment.
You are vulnerable to heat. (rF-)
You do not drink.


Message History

The orc priest is moderately wounded.
The orc priest hits you with a +0 flail.
You closely miss the orc priest.
The orc priest is moderately wounded.
The orc priest looks braver for a moment.
The orc barely misses you. You block the orc priest's attack.
You barely miss the orc priest.
The orc priest is moderately wounded.
The orc hits you from afar with a +0 trident!
The orc priest barely misses you. The orc barely misses you.
You hit the orc priest.
The orc priest is heavily wounded.
The orc priest barely misses you.
The orc hits you from afar with a +0 trident.
The orc priest hits you with a +0 flail.
You closely miss the orc priest.
The orc priest is heavily wounded.
The orc hits you from afar with a +0 trident.
* * * LOW HITPOINT WARNING * * *
The orc priest closely misses you.
You hit the orc priest.
The orc priest is severely wounded.
The orc barely misses you. You block the orc priest's attack.
The orc misses you.
The orc priest hits you but does no damage.
You slash the orc priest!
You kill the orc priest!
The orc closely misses you.
Your Axes skill increases to level 2!
You have reached level 3!
Your experience leads to an increase in your attributes!
Increase (S)trength, (I)ntelligence, or (D)exterity?
You feel stronger. x2
There are monsters nearby!
You slash the orc!
You kill the orc!
The orc hits you from afar with a +0 trident.
* * * LOW HITPOINT WARNING * * *
The orc hits you from afar with a +0 trident.
You die... ###+####### ......... .>..... ..... oo.

#o# #@# #[#
#.##############
#...............
########..##...########
...........'...'....#.#
#########..#...####.#..
#..#...# #.#.# #..#..(#
#.#.#


You could see 3 orcs.

Vanquished Creatures
  An orc priest (D:2)
  A dart slug (D:1)
  An orc (D:2)
  A ball python (D:2)
  An endoplasm (D:1)
  2 goblins (D:1)
  8 jackals (D:1)
  A kobold (D:1)
16 creatures vanquished.

Notes
Turn   | Place    | Note
-------+----------+-------------------------------------------
     0 | D:1      | lonewolfV2 the Mummy Fighter began the quest for the Orb.
     0 | D:1      | Reached XP level 1. HP: 18/18 MP: 1/1
   112 | D:1      | Reached XP level 2. HP: 23/24 MP: 2/2
   427 | D:2      | Reached XP level 3. HP: 2/29 MP: 3/3
   427 | D:2      | HP: 1/29 [orc (2)]
   427 | D:2      | Slain by an orc

Illustrated notes

Levels and vault maps discovered:
D:1:      amcnicky_arrival_gap_in_the_tavern_cellar, layout_loops_ring,
          serial_shops, nicolae_shop_hallway_plus, item_on_display_a
D:2:      layout_basic, nicolae_figureground_pulse

Skill      XL: |  1  2 |
---------------+-------+-----
Axes           | 2 |  2.0
Fighting       | |  3.3
Armour         | |  2.9
Dodging        | |  0.2
Shields        | |  2.7

Action                   || total
-------------------------++-------
Melee: War axe           ||    46
Armor: Scale mail        ||    21
Dodge: Dodged            ||    26
Block: Buckler           ||     9

Table legend: (Time is in decaauts)
 A = Elapsed time spent in this place.
 B = Non-inter-level travel time spent in this place.
 C = Inter-level travel time spent in this place.
 D = Time resting spent in this place.
 E = Time spent auto-exploring this place.
 F = Levels seen in this place.
 G = Mean time per level.
                   A        B        C        D        E       F      G
               +--------+--------+--------+--------+--------+-----+--------+
         Total |    447 |    447 |      0 |      0 |    279 |   2 |  223.5 |
       Dungeon |    447 |    447 |      0 |      0 |    279 |   2 |  223.5 |
               +--------+--------+--------+--------+--------+-----+--------+

Top non-repeatable levels by time:
     D:1: 345 daAuts
     D:2: 102 daAuts
